 Dungeon Crawl Stone Soup version 0.27.1-15-g792fb953b9 (webtiles) character file.

Game seed: 17800905846534086416

254 unlimited1921 the Shield-Bearer (level 5, -4/53 HPs)
             Began as a Troll Fighter on Nov 20, 2021.
             Slain by Edmund (5 damage)
             ... on level 5 of the Dungeon.
             The game lasted 00:14:57 (2630 turns).

unlimited1921 the Shield-Bearer (Troll Fighter)     Turns: 2630, Time: 00:14:57

Health: -4/53      AC:  5    Str: 25      XL:     5   Next: 91%
Magic:  4/4        EV:  6    Int:  4      God:
Gold:   77         SH: 14    Dex:  8 (9)  Spells: 4/4 levels left

rFire    . . .     SeeInvis .   a - +0 long sword
rCold    . . .     Faith    .   u - +0 tower shield
rNeg     . . .     Spirit   .   b - +0 robe
rPois    .         Reflect  .   (helmet restricted)
rElec    .         Harm     .   e - +0 cloak
rCorr    .         Rampage  .   (gloves unavailable)
Will     .....                  (boots unavailable)
Stlth    +.........             (no amulet)
HPRegen  1.17/turn              (no ring)
MPRegen  0.09/turn              (no ring)

@: lethally poisoned (-4 -> -5)
A: large, unfitting armour, claws 3, regeneration 1, shaggy fur 1, tough skin 1
a: no special abilities


You were on level 5 of the Dungeon.
You visited 1 branch of the dungeon, and saw 5 of its levels.

You collected 105 gold pieces.
You spent 28 gold pieces at shops.

Inventory:

Hand Weapons
 a - a +0 long sword (weapon)
 i - a +0 whip of freezing
 m - a +4 quarterstaff of chaos
Missiles
 k - 13 bolts
 l - 10 poisoned darts (quivered)
Armour
 b - a +0 robe (worn)
 c - a +0 kite shield
 e - a +0 cloak (worn)
 u - a +0 tower shield (worn)
Jewellery
 r - an amulet of magic regeneration
Wands
 j - a wand of flame (17)
 s - a wand of digging (4)
Scrolls
 p - a scroll of enchant weapon {unknown}
 q - a scroll of fear {unknown}
Potions
 d - a potion of might
 g - a potion of cancellation
 h - 3 potions of brilliance
 n - 2 potions of berserk rage {unknown}
 o - a potion of mutation {unknown}
 t - a potion of magic {unknown}
 v - a potion of invisibility {unknown}


   Skills:
 * Level 3.1 Fighting
 + Level 3.3 Long Blades
 + Level 0.6 Throwing
 + Level 3.2 Dodging
 + Level 0.1 Stealth
 + Level 3.4 Shields


You had 4 spell levels left.
You didn't know any spells.
Your spell library contained the following spells:

 Spells                   Type           Power      Damage    Failure   Level
 Animate Skeleton         Necr           0%         N/A       100%        1
 Apportation              Tloc           0%         N/A       100%        1
 Corona                   Hex            0%         N/A       100%        1
 Summon Small Mammal      Summ           0%         N/A       100%        1
 Blink                    Tloc           N/A        N/A       100%        2
 Lesser Beckoning         Tloc           0%         N/A       100%        3
 Manifold Assault         Tloc           0%         N/A       100%        5


Dungeon Overview and Level Annotations

Branches:
Dungeon (5/15)
 Temple: D:4-7

Altars:
Kikubaaqudgha

Shops:
D:2 *[(*[

Annotations:
D:4 Eustachio
D:5 Edmund


Innate Abilities, Weirdness & Mutations

You are too large for most types of armour.
You have claws for hands.
Your natural rate of healing is unusually fast.
You are covered in fur. (AC +1)
You have tough skin. (AC +1)


Message History

You block the white imp's attack. The adder bites you but does no damage.
The adder barely misses you.
You riposte.
You closely miss the adder. The white imp gestures at you.
The puff of frost misses you. You block the adder's attack.
The white imp summons a swarm of flies.
The white imp gestures at you. The puff of frost hits you!
You block the adder's attack. The white imp gestures at you.
The puff of frost hits you!
* * * LOW HITPOINT WARNING * * *
As you read the scroll of fog, it crumbles to dust.
The scroll dissolves into smoke.
You block the adder's attack. You block the iguana's attack.
The white imp gestures at you. The puff of frost misses you.
The adder bites you.
* * * LOW HITPOINT WARNING * * *
You are poisoned.
The adder poisons you!
You feel sick. You block the iguana's attack. You block the adder's attack.
The white imp shouts, "Bolt, thou bawdy pigeon-egg bandersnitch!"
You block the white imp's attack.
Unknown command.
You feel sick. You block the iguana's attack. The adder bites you.
* * * LOW HITPOINT WARNING * * *
The white imp gestures at you.
The puff of frost hits you but does no damage.
You feel sick. The adder barely misses you.
You riposte.
You closely miss the adder. You block the iguana's attack.
You block the white imp's attack. The adder bites you.
* * * LOW HITPOINT WARNING * * *
You climb downwards.
Level annotation: Edmund You feel sick.
Edmund hits you with a +2 dire flail of protection.
* * * LOW HITPOINT WARNING * * *
Edmund hits you with a +2 dire flail of protection.
You die...

...........####..###......
........#........##.....#
#(($.......# #....#
#..........###..#.#
#...(...(.......#.##
#..........#....?..#
#.####.........###.#....###
..........S....##..####....
#.###....@@5......## ####.
#.....l.........# #.
#............###.# #.
....#.........###.# #.
)....#.#######.....#######.
#.####. #.##....##.... #.
.. #.##.......... ...
#.####.###.... #.#
#.###....


You could see Edmund (poisoned), an iguana, an adder and a white imp.

Vanquished Creatures
  2 vampire bats (D:3)
  Crazy Yiuf (D:2)
  Terence (D:2)
  Ijyb (D:5)
  2 adders
  A worm (D:3)
  A dart slug (D:2)
  10 ball pythons
  2 bat skeletons (D:3)
  3 bat zombies (D:3)
  7 endoplasms
  8 giant cockroaches
  3 goblins
  5 hobgoblins
  6 quokkas
  8 bats
  A frilled lizard (D:1)
  3 kobolds
  8 rats
73 creatures vanquished.

Vanquished Creatures (others)
  A fungus (D:2)
1 creature vanquished.

Grand Total: 74 creatures vanquished

Notes
Turn   | Place    | Note
-------+----------+-------------------------------------------
     0 | D:1      | unlimited1921 the Troll Fighter began the quest for the
                  | Orb.
     0 | D:1      | Reached XP level 1. HP: 22/22 MP: 0/0
    92 | D:1      | Reached XP level 2. HP: 29/29 MP: 1/1
   362 | D:1      | Reached XP level 3. HP: 34/36 MP: 2/2
   821 | D:2      | Found a faded altar of an unknown god.
   935 | D:2      | Found Ynasupea's General Store.
   943 | D:2      | Bought a scroll of identify for 28 gold pieces
   963 | D:2      | Found Ytecvuts's Antique Armour Shoppe.
  1002 | D:2      | Noticed Terence
  1009 | D:2      | Killed Terence
  1010 | D:2      | Reached XP level 4. HP: 44/44 MP: 3/3
  1047 | D:2      | Found Voypousch's Weapon Boutique.
  1107 | D:2      | Found Rasuokist's Assorted Antiques.
  1165 | D:2      | Found Suil's Antique Armour Boutique.
  1288 | D:2      | Found a runed translucent door.
  1289 | D:2      | Noticed Crazy Yiuf
  1305 | D:2      | Killed Crazy Yiuf
  1815 | D:3      | Reached XP level 5. HP: 52/52 MP: 4/4
  1815 | D:3      | Found an ancient bone altar of Kikubaaqudgha.
  2441 | D:4      | Noticed Eustachio
  2472 | D:5      | Entered Level 5 of the Dungeon
  2475 | D:5      | Noticed Ijyb
  2494 | D:5      | Killed Ijyb
  2565 | D:5      | Noticed Edmund
  2630 | D:5      | HP: 1/53 [Edmund (4)]
  2630 | D:5      | Slain by Edmund

Illustrated notes

Levels and vault maps discovered:
D:1:      erik_arrival_blinker_ship, layout_basic
D:2:      layout_rooms, hellmonk_ecumenical_altar_run_dry, serial_shops,
          shop_statue, shop_fountains, shop, shop, shop,
          uniq_crazy_yiuf_cottage, uniq_terence
D:3:      layout_basic, kennysheep_vampire_church, hangedman_decor_slide_cut
D:4:      layout_cave_pools, fedhas_altar_2, mainiacjoe_overflow_alcove_1,
          amethyst_killhole, uniq_eustachio
D:5:      layout_rooms, gammafunk_temple_overflow_claw, uniq_ijyb, uniq_edmund,
          uniq_blork_the_orc

Skill      XL: |  1  2  3  4  5 |
---------------+----------------+-----
Long Blades    | 2 3 |  3.3
Shields        | 3 |  3.4
Fighting       | 3 |  3.1
Dodging        | 3 |  3.2
Throwing       | |  0.6
Stealth        | |  0.1

Action                   |  1- 3 |  4- 6 || total
-------------------------+-------+-------++-------
Melee: Long sword        |   109 |   103 ||   212
Throw: Dart              |     7 |    19 ||    26
  Use: Scroll            |     3 |     1 ||     4
Armor: Robe              |    48 |    61 ||   109
Dodge: Dodged            |    43 |    77 ||   120
Block: Kite shield       |    63 |    98 ||   161
       Tower shield      |       |    22 ||    22
       Rpst.: Long sword |    18 |    25 ||    43
